 Dungeon Crawl Stone Soup version 0.28-a0-1624-g820543e53a (webtiles) character file.

Game seed: 17018013793975207175

20 AlmostDecent the Covered (level 2, -3/19 HPs)
             Began as a Gargoyle Fighter on Jan 23, 2022.
             Killed from afar by a white imp (4 damage)
             ... with a puff of frost
             ... summoned by Natasha
             ... on level 2 of the Dungeon.
             The game lasted 00:02:09 (819 turns).

AlmostDecent the Covered (Gargoyle Fighter)          Turns: 819, Time: 00:02:10

Health: -3/19      AC:  9    Str: 19    XL:     2   Next: 79%
Magic:  2/2        EV:  9    Int:  8    God:
Gold:   49         SH:  4    Dex:  9    Spells: 1/1 levels left

rFire   . . .      SeeInvis .   a - +0 war axe
rCold   . . .      Faith    .   c - +0 buckler
rNeg    + . .      Spirit   .   b - +0 scale mail
rPois   ∞          Reflect  .   (no helmet)
rElec   +          Harm     .   (no cloak)
rCorr   .          Rampage  .   (no gloves)
Will    .....                   (no boots)
Stlth   ..........              (no amulet)
HPRegen 0.06/turn               (no ring)
MPRegen 0.08/turn               (no ring)

@: mighty
A: sickness immunity, AC +2, negative energy resistance 1, electricity
resistance, torment resistance 1, petrification resistance
a: no special abilities


You were on level 2 of the Dungeon.
You visited 1 branch of the dungeon, and saw 2 of its levels.

You collected 49 gold pieces.

Inventory:

Hand Weapons
 a - a +0 war axe (weapon)
Armour
 b - a +0 scale mail (worn)
 c - a +0 buckler (worn)
Scrolls
 e - a scroll of enchant armour {unknown}
 f - a scroll of fog {unknown}
 g - 2 scrolls of teleportation {unknown}
 h - a scroll of noise {unknown}
 i - 3 scrolls of identify {unknown}
 j - a scroll of holy word {unknown}


   Skills:
 - Level 3.3 Fighting
 + Level 2.4 Axes
 - Level 3.7 Armour
 - Level 3.3 Shields


You had one spell level left.
You didn't know any spells.
Your spell library was empty.

Dungeon Overview and Level Annotations

Branches:
Dungeon (2/15)

Altars:

Annotations:
D:2 Natasha


Innate Abilities, Weirdness & Mutations

You are immune to sickness and miasma.
Your stone body is resilient. (AC +2)
You are immune to poison.
You resist negative energy. (rN+)
You are resistant to electric shocks. (rElec)
You are resistant to unholy torment.
You are immune to petrification.


Message History

No target in view!
No target in view!
Done exploring.
Done exploring.
You open the door.
There is an open door here.
There is an escape hatch in the floor here.
You slide downwards.
The hatch slams shut behind you.
Natasha hisses angrily.
You closely miss Natasha.
Natasha mumbles some strange words.
Natasha casts a spell.
You closely miss Natasha. Natasha claws you but does no damage.
You closely miss Natasha. You closely miss the shadow imp.
Natasha barely misses you. The shadow imp gestures at you.
Pain shoots through your body!
The white imp disappears for a moment.
Natasha barely misses you.
You completely miss the white imp. You hit the shadow imp.
You hit Natasha but do no damage.
The shadow imp hits you but does no damage.
The white imp gestures at you. The puff of frost hits you!
Natasha claws you but does no damage.
The white imp hits you but does no damage.
The shadow imp gestures at you. Pain shoots through your body!
* * * LOW HITPOINT WARNING * * *
You are too injured to fight recklessly!
You are too injured to fight recklessly!
You are too injured to fight recklessly!
You feel very mighty all of a sudden. Natasha claws you but does no damage.
The white imp closely misses you.
The shadow imp hits you but does no damage.
You hit Natasha.
Natasha is moderately wounded.
You closely miss the shadow imp. You hit the white imp.
Natasha barely misses you. You block the shadow imp's attack.
The white imp gestures at you. The puff of frost hits you.
You die...

##### ..... #.#.#
#.#.# #.#.#
#.#5#.########
#..h@.........
......5#####.####
.#..... #.#.## #
#. . . ##


You could see Natasha, a white imp (summoned) and a shadow imp (summoned).

Vanquished Creatures
  A dart slug (D:1)
  2 bats (D:1)
  An endoplasm (D:1)
  A giant cockroach (D:1)
  3 hobgoblins (D:1)
  A quokka (D:1)
  3 ball pythons (D:1)
  2 frilled lizards (D:1)
  A goblin (D:1)
  A kobold (D:1)
  2 rats (D:1)
18 creatures vanquished.

Notes
Turn   | Place    | Note
-------+----------+-------------------------------------------
     0 | D:1      | AlmostDecent the Gargoyle Fighter began the quest for the
                  | Orb.
     0 | D:1      | Reached XP level 1. HP: 14/14 MP: 1/1
    94 | D:1      | Reached XP level 2. HP: 19/19 MP: 2/2
   810 | D:2      | Noticed Natasha
   819 | D:2      | Killed from afar by a white imp

Illustrated notes

Levels and vault maps discovered:
D:1:      heliophobic_arrival_battle_scene, layout_loops_ring
D:2:      layout_basic, shapermc_ecumenical_altar_mp_ritualfount, uniq_natasha,
          uniq_terence

Skill      XL: |  1  2 |
---------------+-------+-----
Axes           | 2 |  2.4
Fighting       | |  3.3
Armour         | |  3.7
Shields        | |  3.3

Action                   || total
-------------------------++-------
Melee: War axe           ||    81
  Use: Potion            ||     1
Armor: Scale mail        ||    53
Dodge: Dodged            ||    43
Block: Buckler           ||    22

Table legend: (Time is in decaauts)
 A = Elapsed time spent in this place.
 B = Non-inter-level travel time spent in this place.
 C = Inter-level travel time spent in this place.
 D = Time resting spent in this place.
 E = Time spent auto-exploring this place.
 F = Levels seen in this place.
 G = Mean time per level.
                   A        B        C        D        E       F      G
               +--------+--------+--------+--------+--------+-----+--------+
         Total |    854 |    806 |     48 |      0 |    616 |   2 |  427.0 |
       Dungeon |    854 |    806 |     48 |      0 |    616 |   2 |  427.0 |
               +--------+--------+--------+--------+--------+-----+--------+

Top non-repeatable levels by time:
     D:1: 844 daAuts
     D:2: 10 daAuts
